 Dungeon Crawl Stone Soup version 0.22.1-2-g9c5b331383 (webtiles) character file.

364 McIrco the Shield-Bearer (level 6, -4/47 HPs)
             Began as a Demonspawn Fighter on Jan 6, 2019.
             Slain by an orc
             ... wielding a +0 morningstar of draining
              (12 damage)
             ... on level 4 of the Dungeon.
             The game lasted 00:05:47 (3348 turns).

McIrco the Shield-Bearer (Demonspawn Fighter)       Turns: 3348, Time: 00:05:48

Health: -4/47      AC:  8    Str: 16    XL:     6   Next: 39%
Magic:  15/15      EV:  7    Int: 10    God:
Gold:   77         SH:  9    Dex: 14    Spells: 5/5 levels left

rFire    . . .     SeeInvis +   a - +0 long sword
rCold    . . .     Gourm    .   c - +0 shield
rNeg     . . .     Faith    .   b - +0 scale mail
rPois    .         Spirit   .   (no helmet)
rElec    .         Reflect  .   (no cloak)
rCorr    .         Harm     .   (no gloves)
MR       .....                  (no boots)
Stlth    +.........             k - amulet of magic regeneration
HPRegen  0.15/turn              p - ring of magical power
MPRegen  0.39/turn              l - ring of see invisible

@: drained
A: claws 1, yellow scales 1, nightstalker 1
a: no special abilities


You were on level 4 of the Dungeon.
You were hungry.

You visited 1 branch of the dungeon, and saw 4 of its levels.

You collected 77 gold pieces.

Inventory:

Hand Weapons
 a - a +0 long sword (weapon)
Armour
 b - a +0 scale mail (worn)
 c - a +0 shield (worn)
Jewellery
 g - an uncursed ring of flight
 k - an amulet of magic regeneration (around neck)
 l - a ring of see invisible (right claw)
 p - a ring of magical power (left claw)
Wands
 s - a wand of disintegration (8)
Scrolls
 e - 2 scrolls of magic mapping {unknown}
 h - 2 scrolls of enchant armour {unknown}
 j - a scroll of remove curse {unknown}
 n - a scroll of immolation {unknown}
 o - a scroll of enchant weapon {unknown}
 r - a scroll of identify {unknown}
Potions
 d - a potion of heal wounds {unknown}
 i - 2 potions of flight
 m - a potion of lignification {unknown}
 q - a potion of magic {unknown}
Comestibles
 f - 6 rations


   Skills:
 + Level 3.4(2.8) Fighting
 + Level 3.4(2.8) Long Blades
 * Level 4.0(3.4) Armour
 * Level 2.0(1.4) Dodging
 + Level 0.1(0.0) Stealth
 * Level 4.1(3.5) Shields


You had 5 spell levels left.
You didn't know any spells.
Your spell library was empty.

Dungeon Overview and Level Annotations

Branches:
Dungeon (4/15)
 Temple: D:4-7

Altars:
Ru


Innate Abilities, Weirdness & Mutations

You have sharp fingernails.
You are partially covered in yellow scales. (AC +2)
You are slightly more attuned to the shadows.


Message History

The orc is almost dead.
You block the orc's attack. x2; The orc hits you with a mace.
* * * LOW HITPOINT WARNING * * *
Unknown command.
You completely miss the orc.
The orc is almost dead.
The orc hits you with a flail.
* * * LOW HITPOINT WARNING * * *
The orc barely misses you. You block the orc's attack.
The orc barely misses you.
You riposte.
You closely miss the orc. You closely miss the orc.
The orc is almost dead.
The orc hits you with a morningstar of draining.
* * * LOW HITPOINT WARNING * * *
You feel drained. You block the orc's attack.
The orc hits you but does no damage.
You hit the orc.
You kill the orc!
The orc hits you with a morningstar of draining!
You die...

## ...# # ....##
# ......##
.......###
.........## #
.........o### ##
.......##o@.##
##.
........###).###
#####..
........#
##...###
##..#..#
........#
###...###.....##
........#
##.†.........#
.........
###.........#
.........
#.........#
#..........
#...........


You could see 2 orcs.

Vanquished Creatures
  An ogre (D:3)
  A worker ant (D:4)
  A hound skeleton (D:4)
  11 gnolls
  5 adders
  2 oozes
  A worm (D:3)
  2 dart slugs
  A leopard gecko (D:3)
  4 orcs
  7 bats
  5 giant cockroaches
  6 goblins
  7 hobgoblins
  3 jackals (D:2)
  5 kobolds
  A quokka (D:4)
  7 frilled lizards
  9 rats
79 creatures vanquished.

Vanquished Creatures (others)
  A jackal (D:2)
1 creature vanquished.

Grand Total: 80 creatures vanquished

Notes
Turn   | Place    | Note
-------+----------+-------------------------------------------
     0 | D:1      | McIrco the Demonspawn Fighter began the quest for the Orb.
     0 | D:1      | Reached XP level 1. HP: 18/18 MP: 1/1
    47 | D:1      | Gained mutation: You are partially covered in yellow
                  | scales. (AC +2) [demonic ancestry]
    47 | D:1      | Reached XP level 2. HP: 20/24 MP: 2/2
   466 | D:1      | Reached skill level 1 in Dodging
   466 | D:1      | Gained mutation: You have sharp fingernails. [demonic
                  | ancestry]
   466 | D:1      | Reached XP level 3. HP: 18/29 MP: 3/3
   821 | D:2      | Reached XP level 4. HP: 22/35 MP: 4/4
  1253 | D:1      | Reached XP level 5. HP: 12/41 MP: 5/5
  1878 | D:3      | Found a sacrificial altar of Ru.
  2887 | D:4      | Noticed an ogre
  2948 | D:3      | HP: 1/41 [ogre/giant club (9)]
  2950 | D:3      | Killed an ogre
  2950 | D:3      | Gained mutation: You are slightly more attuned to the
                  | shadows. [demonic ancestry]
  2950 | D:3      | Reached XP level 6. HP: 2/47 MP: 6/6
  3348 | D:4      | Slain by an orc

Skill      XL: |  1  2  3  4  5  6 |
---------------+-------------------+-----
Shields        | 3 4 |  4.1
Long Blades    | 2 3 |  3.4
Dodging        | 1 2 |  2.0
Armour         | 3 4 |  4.0
Fighting       | |  3.4
Stealth        | |  0.1

Action                   |  1- 3 |  4- 6 || total
-------------------------+-------+-------++-------
Melee: Long sword        |   132 |   167 ||   299
  Use: Potion            |       |     2 ||     2
  Eat: Ration            |       |     2 ||     2
       Chunk             |       |     1 ||     1
Armor: Scale mail        |   109 |    78 ||   187
Dodge: Dodged            |    60 |    66 ||   126
Block: Shield            |   106 |   102 ||   208
       Rpst.: Long sword |    18 |    17 ||    35
